[Event "Team 45 45 League T56"]
[Site "Internet Chess Club"]
[Date "2013.03.06"]
[Round "3"]
[White "chrisgianno"]
[Black "BYOB69"]
[Result "1/2-1/2"]
[WhiteElo "1698"]
[BlackElo "1816"]
[Opening "King's Indian: East Indian defense"]
[ECO "A48"]
[Time "23:57:17"]
[TimeControl "2700+45"]

1. d4 Nf6 2. Nf3 g6 3. Nc3 d6 4. Bg5 Bg7 5. Qd2 h6 6. Bxf6 Bxf6 7. h3 Bg7 8. g4
O-O 9. e4 c5 10. O-O-O cxd4 11. Nxd4 Nc6 12. Nb3 Be6 13. Nd5 Rc8 14. Kb1 a6 15.
f4 b5 16. f5 Bxd5 17. exd5 Ne5 18. Bd3 Nc4 19. Bxc4 Rxc4 20. fxg6 fxg6 21. Rhf1
g5 22. Qe2 Be5 23. c3 Rcf4 24. Rxf4 Rxf4 25. Nd4 Bxd4 26. Qe6+ Kg7 27. cxd4 Qf8
28. Re1 Rxd4 29. Qd7 Rf4 30. Rxe7+ Rf7 31. Rxf7+ Qxf7 32. Qxd6 Qg6+ 33. Qxg6+
Kxg6 34. d6 Kf6 35. d7 Ke7 36. d8=Q+ Kxd8 37. Kc2 a5 38. Kd3 Kd7 {Game drawn by
mutual agreement} 1/2-1/2

[Event "Team 45 45 League T56"]
[Site "Internet Chess Club"]
[Date "2013.03.09"]
[Round "3"]
[White "Altairus"]
[Black "jps7"]
[Result "0-1"]
[WhiteElo "1668"]
[BlackElo "1743"]
[Opening "English: Neo-Catalan"]
[ECO "A13"]
[Time "20:00:38"]
[TimeControl "2700+45"]

1. Nf3 d5 2. c4 e6 3. g3 Nf6 4. Bg2 Bd6 5. Nc3 c6 6. b3 O-O 7. O-O e5 8. d4 e4
9. Ne5 Qe7 10. f4 exf3 11. exf3 Bxe5 12. dxe5 Qxe5 13. Bb2 dxc4 14. Re1 Qc5+ 15.
Kh1 cxb3 16. Qxb3 Qb6 17. Qc2 Be6 18. Na4 Qd8 19. Rad1 Bd5 20. Nc5 b6 21. Ne4
Nbd7 22. a3 Re8 23. h4 Bxe4 24. fxe4 Qc7 25. Kh2 Ng4+ 26. Kh3 Nge5 27. Qc3 f6
28. Rd2 c5 29. Red1 Rad8 30. Rd6 Nf8 31. Rxd8 Rxd8 32. Rd5 Qc8+ 33. Kh2 Rxd5 34.
exd5 Ng4+ 35. Kg1 Qe8 36. Bc1 Qe5 37. Qb3 Qe1+ {White resigns} 0-1

[Event "Team 45 45 League T56"]
[Site "Internet Chess Club"]
[Date "2013.03.09"]
[Round "3"]
[White "DutchBird"]
[Black "zap2"]
[Result "0-1"]
[WhiteElo "1542"]
[BlackElo "1736"]
[Opening "Caro-Kann: Panov-Botvinnik attack, 5...e6"]
[ECO "B14"]
[Time "15:06:42"]
[TimeControl "2700+45"]

1. e4 c6 2. d4 d5 3. exd5 cxd5 4. c4 Nf6 5. Nc3 e6 6. Nf3 Nc6 7. cxd5 Nxd5 8.
Bd3 Be7 9. O-O O-O 10. Re1 Bf6 11. Be4 Nce7 12. Bg5 h6 13. Bxf6 Nxf6 14. Bd3 Bd7
15. Ne5 Bc6 16. Rc1 Qb6 17. b3 Rfd8 18. Ne4 Bxe4 19. Bxe4 Rxd4 20. Qf3 Rxe4 21.
Rxe4 Nxe4 22. Qxe4 Rd8 23. Qf3 f6 24. Nc4 Qc6 25. Rd1 Rxd1+ 26. Qxd1 Qd5 27.
Qxd5 exd5 28. Nd6 b6 29. Kf1 Kf8 30. Ke2 Nc6 31. Nf5 Kf7 32. a3 a5 33. Kd3 h5
34. h3 g6 35. Nd4 Nxd4 36. Kxd4 Ke6 37. g4 hxg4 38. hxg4 b5 39. b4 axb4 40. axb4
g5 41. f3 Kd6 42. Kd3 Ke5 43. Ke3 d4+ 44. Kd3 Kd5 {White resigns} 0-1

[Event "Team 45 45 League T56"]
[Site "Internet Chess Club"]
[Date "2013.03.09"]
[Round "3"]
[White "latayvia"]
[Black "mellizas2003"]
[Result "1-0"]
[WhiteElo "1820"]
[BlackElo "1655"]
[Opening "French: Tarrasch"]
[ECO "C03"]
[Time "13:09:49"]
[TimeControl "2700+45"]

1. e4 e6 2. d4 d5 3. Nd2 Ne7 4. Ngf3 dxe4 5. Nxe4 Nbc6 6. Bd3 Ng6 7. O-O Be7 8.
c3 e5 9. Re1 Be6 10. Neg5 Bg4 11. Qb3 O-O 12. Nxf7 Rxf7 13. Bc4 Qf8 14. Qxb7
Bxf3 15. gxf3 Na5 16. Bxf7+ Kxf7 17. Qd5+ Kf6 18. dxe5+ Kf5 19. e6+ Kf6 20. Bg5#
{Black checkmated} 1-0

[Event "Team 45 45 League T56"]
[Site "Internet Chess Club"]
[Date "2013.03.08"]
[Round "3"]
[White "Egmont"]
[Black "badmove"]
[Result "1-0"]
[WhiteElo "1733"]
[BlackElo "1597"]
[Opening "Dutch"]
[ECO "A80"]
[Time "08:42:42"]
[TimeControl "2700+45"]

1. d4 f5 2. Bf4 Nf6 3. e3 e6 4. Nf3 Be7 5. h3 d6 6. Bc4 d5 7. Bd3 c6 8. Nbd2 O-O
9. O-O Qe8 10. Ne5 Nbd7 11. Ndf3 Ne4 12. c4 Bf6 13. Nxd7 Bxd7 14. c5 Qe7 15. Qb3
Be8 16. Bxe4 fxe4 17. Bd6 Qf7 18. Ne5 Bxe5 19. Bxf8 Bxd4 20. exd4 Kxf8 21. f3
Qc7 22. fxe4+ Kg8 23. Qf3 Bg6 24. e5 Be4 25. Qg4 Qe7 26. Rf4 Bf5 27. Qe2 g5 28.
Rf2 Rf8 29. Raf1 Rf7 30. g4 Bg6 31. Rxf7 Bxf7 32. Rf6 Qe8 33. Qe3 {Black
resigns} 1-0

[Event "Team 45 45 League T56"]
[Site "Internet Chess Club"]
[Date "2013.03.08"]
[Round "3"]
[White "Constrictor"]
[Black "frank001"]
[Result "1-0"]
[WhiteElo "1706"]
[BlackElo "1814"]
[Opening "Sicilian: Canal-Sokolsky attack, 3...Bd7"]
[ECO "B52"]
[Time "17:00:49"]
[TimeControl "2700+45"]

1. Nf3 c5 2. e4 d6 3. Bb5+ Bd7 4. Bxd7+ Qxd7 5. d4 Nf6 6. Qe2 cxd4 7. Nxd4 e5 8.
Nb3 h6 9. O-O Be7 10. Nc3 a6 11. Rd1 Qc7 12. f4 Nc6 13. Nd5 Nxd5 14. exd5 Na7
15. Be3 Nc8 16. Rac1 O-O 17. Qg4 f5 18. Qg3 e4 19. Nd4 Rf6 20. Ne6 Qa5 21. Qxg7#
{Black checkmated} 1-0

[Event "Team 45 45 League T56"]
[Site "Internet Chess Club"]
[Date "2013.03.07"]
[Round "3"]
[White "Portola"]
[Black "ghostfire"]
[Result "1-0"]
[WhiteElo "1868"]
[BlackElo "1706"]
[Opening "Queen's bishop game"]
[ECO "D02"]
[Time "22:00:54"]
[TimeControl "2700+45"]

1. d4 d5 2. Nf3 Nf6 3. Bf4 e6 4. e3 Be7 5. Bd3 O-O 6. Nbd2 Nc6 7. c3 h6 8. Qe2
a6 9. a4 Bd7 10. O-O Nh5 11. Be5 f6 12. Bg3 Nxg3 13. hxg3 e5 14. dxe5 fxe5 15.
Nh2 e4 16. Bc2 Ne5 17. Bb3 Bf5 18. Bc2 c6 19. Ra2 Be6 20. Bb3 Qd7 21. Rd1 Nd3
22. Rf1 Bd6 23. Qd1 Rf6 24. Bc2 Ne5 25. b3 Raf8 26. Bxe4 dxe4 27. Nxe4 Rg6 28.
Nxd6 Rd8 29. f4 Ng4 30. Qb1 Qxd6 31. Qxg6 Nxe3 32. Re1 Bxb3 33. Qxd6 Rxd6 34.
Rb2 Rd1 35. Rxd1 Bxd1 36. a5 Nc4 37. Rxb7 Nxa5 38. Ra7 Be2 39. Kf2 Bb5 40. Nf3
Nc4 41. Nd4 Kh7 42. Nxb5 axb5 43. Ra6 c5 44. Rc6 Nb2 45. Ke2 b4 46. cxb4 cxb4
47. Rb6 Nc4 48. Rxb4 Nd6 49. g4 Ne8 50. g3 Nf6 51. Kf3 Nd5 52. Rd4 Nf6 53. Ra4
Nd7 54. Ra5 Nb6 55. f5 Nc4 56. Ra7 Kg8 57. Kf4 Nd6 58. g5 hxg5+ 59. Kxg5 Nf7+
60. Kf4 Kf8 61. g4 Kg8 62. g5 Kf8 63. g6 Nd6 64. Ke5 Nb5 65. Rb7 Na3 66. Ke6 Nc4
67. Rb8# {Black checkmated} 1-0

[Event "Team 45 45 League T56"]
[Site "Internet Chess Club"]
[Date "2013.03.11"]
[Round "3"]
[White "Frankly"]
[Black "Juan73"]
[Result "1-0"]
[WhiteElo "1883"]
[BlackElo "1650"]
[Opening "QGA: 3.e4"]
[ECO "D20"]
[Time "16:11:57"]
[TimeControl "2700+45"]

1. d4 d5 2. c4 dxc4 3. e4 Nf6 4. e5 Nd5 5. Bxc4 Bf5 6. Nc3 e6 7. Nge2 Nc6 8. O-O
f6 9. Ng3 Bg6 10. exf6 gxf6 11. Re1 Nde7 12. d5 Ne5 13. Qa4+ c6 14. dxc6 N7xc6
15. Bxe6 Qd4 16. Qb5 Bc5 17. Be3 Qd6 18. Bxc5 Qxe6 19. f4 O-O-O 20. fxe5 fxe5
21. Rad1 Qg4 22. Qe2 Qg5 23. Nce4 Bxe4 24. Nxe4 Qg7 25. Nd6+ Kb8 26. Rd3 Qg6 27.
Red1 Rhf8 28. Rb3 b6 29. Qb5 Qc2 30. Ra1 Nd4 31. Bxd4 Rxd6 32. Bxe5 Rf5 33.
Bxd6+ Kb7 34. Qd7+ Ka6 35. Ra3+ Ra5 36. Rxa5+ Kxa5 37. Qxa7+ Kb5 38. a4+ {Black
resigns} 1-0

[Event "Team 45 45 League T56"]
[Site "Internet Chess Club"]
[Date "2013.03.08"]
[Round "3"]
[White "BigH"]
[Black "Barrett-CCSCSL"]
[Result "1/2-1/2"]
[WhiteElo "2117"]
[BlackElo "2106"]
[Opening "Queen's pawn"]
[ECO "A40"]
[Time "11:33:32"]
[TimeControl "2700+45"]

1. d4 e6 2. Nf3 b6 3. c4 Bb4+ 4. Bd2 Qe7 5. g3 Bb7 6. Bg2 Bxd2+ 7. Qxd2 Nf6 8.
O-O d6 9. Nc3 Nbd7 10. Rae1 Ne4 11. Qd3 Nxc3 12. Qxc3 O-O 13. e4 Rfd8 14. Nd2 e5
15. d5 a5 16. b3 Rf8 17. f4 exf4 18. gxf4 Rae8 19. Nf3 Nc5 20. Nd4 Bc8 21. a3
Qf6 22. b4 axb4 23. axb4 Na6 24. e5 Qh6 25. e6 fxe6 26. dxe6 Rxf4 27. Rxf4 Qxf4
28. Rf1 Qg4 29. Kh1 Nxb4 30. Bf3 Qh4 31. Rg1 Qf6 32. Qxb4 c5 33. Qa4 b5 34. Qxb5
Re7 35. Qb8 Re8 36. Qb5 Re7 37. Qb8 Re8 38. Qb5 {Game drawn by repetition}
1/2-1/2

[Event "Team 45 45 League T56"]
[Site "Internet Chess Club"]
[Date "2013.03.10"]
[Round "3"]
[White "daniguti"]
[Black "TerryMalloy"]
[Result "0-1"]
[WhiteElo "1898"]
[BlackElo "2086"]
[Opening "Sicilian: O'Kelly variation"]
[ECO "B28"]
[Time "12:00:09"]
[TimeControl "2700+45"]

1. e4 c5 2. Nf3 a6 3. c3 d5 4. exd5 Qxd5 5. d4 Nf6 6. Be2 g6 7. O-O Bg7 8. Nbd2
O-O 9. Re1 cxd4 10. Nxd4 e5 11. Bf3 Qc5 12. N4b3 Qc7 13. Qe2 Nc6 14. Nf1 Be6 15.
Nc5 Rfe8 16. Nxe6 Rxe6 17. Ng3 Rae8 18. Ne4 Nxe4 19. Bxe4 Ne7 20. Bc2 h6 21. Be3
Nd5 22. Bd2 R6e7 23. Bb3 Rd8 24. Qe4 Red7 25. Rad1 Kh7 26. Bxh6 Nxc3 27. Rxd7
Rxd7 28. Be3 Nxe4 {White resigns} 0-1

[Event "Team 45 45 League T56"]
[Site "Internet Chess Club"]
[Date "2013.03.20"]
[Round "3"]
[White "room-matt"]
[Black "zap2"]
[Result "0-1"]
[WhiteElo "1768"]
[BlackElo "1737"]
[Opening "Caro-Kann: Goldman (Spielmann) variation"]
[ECO "B11"]
[Time "16:13:09"]
[TimeControl "2700+45"]

1. e4 c6 2. Nc3 d5 3. Qf3 dxe4 4. Nxe4 Nd7 5. d4 Ndf6 6. Bc4 Qxd4 7. Nxf6+ Nxf6
8. Qb3 e6 9. Ne2 Qd8 10. Be3 Be7 11. Rd1 Qa5+ 12. Bd2 Qb6 13. O-O O-O 14. Bc3
Qxb3 15. Bxb3 Nd5 16. Be5 Bf6 17. Bxf6 Nxf6 18. Rfe1 b6 19. Ng3 Bb7 20. c3 Rad8
21. Bc2 c5 22. h3 h5 23. h4 g6 24. f3 Bc6 25. b4 cxb4 26. cxb4 Bd5 27. a4 Rc8
28. Ne4 Kg7 29. Nxf6 Kxf6 30. Be4 Rfd8 31. Rd4 Rc4 32. Rxc4 Bxc4 33. Rc1 Rd4 34.
Kh2 Bd5 35. Bxd5 exd5 36. Rc7 Rxh4+ 37. Kg3 Rxb4 38. Rxa7 Ke6 39. a5 bxa5 40.
Ra6+ Ke5 41. Rxa5 h4+ 42. Kh3 g5 43. Ra1 f5 44. g3 d4 45. Ra5+ Ke6 46. Ra6+ Kd5
47. Ra5+ Kc4 48. gxh4 gxh4 49. Rxf5 d3 50. Rf4+ Kc3 {White resigns} 0-1

[Event "Team 45 45 League T56"]
[Site "Internet Chess Club"]
[Date "2013.03.07"]
[Round "3"]
[White "DARKwizard1"]
[Black "przechrzczony"]
[Result "0-1"]
[WhiteElo "1979"]
[BlackElo "2080"]
[Opening "Pirc: Ufimtsev-Pytel variation"]
[ECO "B07"]
[Time "18:18:44"]
[TimeControl "2700+45"]

1. e4 d6 2. d4 Nf6 3. Nc3 c6 4. Nf3 Bg4 5. h3 Bh5 6. Be2 e6 7. Bf4 Be7 8. e5
dxe5 9. Bxe5 Nbd7 10. Bh2 Qb6 11. O-O Qxb2 12. Qd3 Bg6 13. Qe3 Bb4 14. Na4 Qxc2
15. Bd1 Qd3 16. Qf4 Nd5 17. Qc1 Ba3 18. Qg5 h6 19. Qh4 Be7 20. Qg3 O-O 21. Bb3
Bh5 22. Ne5 Qxg3 23. Bxg3 Nxe5 24. dxe5 Rfd8 25. f4 Ne3 26. Rfe1 b5 27. Nc3 Nd5
28. Ne4 Bg6 29. Rac1 Bxe4 30. Rxe4 c5 31. Rf1 c4 32. Bd1 Bc5+ 33. Kh2 Ne3 {White
resigns} 0-1

[Event "Team 45 45 League T56"]
[Site "Internet Chess Club"]
[Date "2013.03.11"]
[Round "3"]
[White "O00O"]
[Black "HelioAraujo"]
[Result "1/2-1/2"]
[WhiteElo "1950"]
[BlackElo "1843"]
[Opening "Blumenfeld counter-gambit"]
[ECO "A57"]
[Time "12:19:08"]
[TimeControl "2700+45"]

1. d4 Nf6 2. c4 c5 3. d5 b5 4. Nf3 e6 5. dxe6 fxe6 6. Na3 bxc4 7. Nxc4 d5 8.
Nce5 Bd6 9. Qa4+ Bd7 10. Nxd7 Qxd7 11. Qc2 O-O 12. g3 Nc6 13. Bh3 Ne4 14. Be3
Rab8 15. O-O Qf7 16. Nd2 Nxd2 17. Qxd2 c4 {Game drawn by mutual agreement}
1/2-1/2

[Event "Team 45 45 League T56"]
[Site "Internet Chess Club"]
[Date "2013.03.09"]
[Round "3"]
[White "Otelo"]
[Black "chess09"]
[Result "1-0"]
[WhiteElo "1745"]
[BlackElo "1907"]
[Opening "Sicilian: Grand Prix attack"]
[ECO "B23"]
[Time "14:00:09"]
[TimeControl "2700+45"]

1. e4 c5 2. Nc3 Nc6 3. f4 g6 4. Nf3 Bg7 5. Bb5 e6 6. f5 Nge7 7. fxe6 fxe6 8. O-O
O-O 9. d3 d5 10. Bg5 d4 11. Bxc6 bxc6 12. Na4 h6 13. Bh4 Qd6 14. b3 e5 15. Qe1
g5 16. Bg3 a5 17. Nb6 Ra7 18. Nc4 Qd8 19. Nfxe5 Rxf1+ 20. Qxf1 Be6 21. Qf3 Bxc4
22. bxc4 Bxe5 23. Bxe5 Ng6 24. Bf6 Qf8 25. e5 Qe8 26. Qe4 Kh7 27. Rf1 Kg8 28. e6
Nf4 29. e7 Ng6 30. Qe6+ Kh7 31. Bxg5 hxg5 32. Rf7+ Kh6 33. Rf8 Qxe7 34. Rh8+ Kg7
35. Rg8+ Kh7 36. Qxg6# {Black checkmated} 1-0

[Event "Team 45 45 League T56"]
[Site "Internet Chess Club"]
[Date "2013.03.10"]
[Round "3"]
[White "typhoon"]
[Black "Inquisiteur"]
[Result "1-0"]
[WhiteElo "1624"]
[BlackElo "1725"]
[Opening "Queen's pawn game"]
[ECO "E20"]
[Time "19:24:41"]
[TimeControl "2700+45"]

1. d4 Nf6 2. c4 e6 3. Nc3 c5 4. e3 d5 5. Nf3 Nc6 6. Be2 cxd4 7. exd4 Be7 8. O-O
O-O 9. h3 dxc4 10. Bxc4 b6 11. Bf4 Bb7 12. Qd2 Nb4 13. Ne5 Nbd5 14. Rfe1 a6 15.
a3 b5 16. Ba2 Rc8 17. Rac1 b4 18. Nxd5 Bxd5 19. Bxd5 Nxd5 20. Nc6 Qd7 21. Nxe7+
Qxe7 22. a4 Qd7 23. a5 Nxf4 24. Qxf4 h6 25. Rc5 Rfd8 26. Rec1 Rxc5 27. dxc5 Qb5
28. Qc7 Rd2 29. Qb6 Qe2 30. c6 Rd1+ 31. Rxd1 Qxd1+ 32. Kh2 Qd6+ 33. g3 Qd2 34.
c7 {Black resigns} 1-0

[Event "Team 45 45 League T56"]
[Site "Internet Chess Club"]
[Date "2013.03.11"]
[Round "3"]
[White "bczero3"]
[Black "nurmi"]
[Result "0-1"]
[WhiteElo "2043"]
[BlackElo "1974"]
[Opening "Philidor: Improved Hanham variation"]
[ECO "B07"]
[Time "21:07:42"]
[TimeControl "2700+45"]

1. e4 d6 2. d4 Nf6 3. Nc3 e5 4. Nf3 Nbd7 5. Bc4 Be7 6. O-O O-O 7. Re1 c6 8. a4
a5 9. b3 Qc7 10. Bd3 exd4 11. Nxd4 Nc5 12. h3 Re8 13. Bf4 Qb6 14. e5 dxe5 15.
Bxe5 Nxd3 16. Qxd3 Nd7 17. Bxg7 Kxg7 18. Nf5+ Kf8 19. Qg3 Bf6 20. Rxe8+ Kxe8 21.
Qg8+ Nf8 22. Re1+ Be6 23. Ne4 Bd4 24. Qg5 Ng6 25. c3 Be5 26. h4 Qd8 27. Qg4 Qd7
28. Nc5 Bxf5 29. Rxe5+ Nxe5 30. Qg8+ Ke7 31. Qxa8 Qd1+ 32. Kh2 Ng4+ 33. Kh3 Nf6+
34. g4 Qf3+ {White resigns} 0-1

[Event "Team 45 45 League T56"]
[Site "Internet Chess Club"]
[Date "2013.03.11"]
[Round "3"]
[White "koni"]
[Black "fledermaus"]
[Result "1-0"]
[WhiteElo "1892"]
[BlackElo "1950"]
[Opening "Sicilian: Smith-Morra gambit"]
[ECO "B21"]
[Time "14:11:48"]
[TimeControl "2700+45"]

1. e4 c5 2. d4 cxd4 3. c3 dxc3 4. Nxc3 Nc6 5. Nf3 d6 6. Bc4 a6 7. O-O Nf6 8. Bf4
Bg4 9. b3 e6 10. h3 Bxf3 11. Qxf3 Be7 12. Rfd1 Qc7 13. Rac1 O-O 14. Qg3 Rfd8 15.
Bh6 Bf8 16. Bg5 Be7 17. Bh6 Ne8 18. Ne2 Rac8 19. Nf4 Kh8 20. Bxe6 gxh6 21. Nd5
Qb8 22. Bxc8 Rxc8 23. Rxc6 Rxc6 24. Nxe7 Nf6 25. Nxc6 bxc6 26. Qxd6 {Black
resigns} 1-0

[Event "Team 45 45 League T56"]
[Site "Internet Chess Club"]
[Date "2013.03.10"]
[Round "3"]
[White "SaltofLife"]
[Black "poni"]
[Result "1/2-1/2"]
[WhiteElo "1912"]
[BlackElo "1887"]
[Opening "Pirc defense"]
[ECO "B07"]
[Time "13:02:25"]
[TimeControl "2700+45"]

1. d4 d6 2. e4 Nf6 3. Nc3 e5 4. f4 exd4 5. Qxd4 Nc6 6. Qd3 Be7 7. Nf3 O-O 8. Be3
Ng4 9. Bg1 Nb4 10. Qd2 c6 11. a3 Na6 12. O-O-O b5 13. h3 Nf6 14. Nd4 Qc7 15. e5
dxe5 16. fxe5 Nd7 17. e6 Ndc5 18. exf7+ Rxf7 19. Kb1 Kh8 20. Bh2 Qb6 21. b4 Ne6
22. Bg1 Qc7 23. Bh2 Qb6 24. Bg1 Qc7 25. Bh2 {Game drawn by mutual agreement}
1/2-1/2

[Event "Team 45 45 League T56"]
[Site "Internet Chess Club"]
[Date "2013.03.11"]
[Round "3"]
[White "infiniteshug"]
[Black "fishhead"]
[Result "1-0"]
[WhiteElo "1861"]
[BlackElo "1845"]
[Opening "Sicilian: closed"]
[ECO "B23"]
[Time "14:00:29"]
[TimeControl "2700+45"]

1. e4 c5 2. Nc3 d6 3. f4 Nf6 4. Nf3 e6 5. Bc4 Be7 6. O-O a6 7. a4 Nc6 8. d3 Qc7
9. Qe1 b6 10. e5 Nd7 11. exd6 Bxd6 12. Ne4 Be7 13. Nfg5 Nf6 14. f5 h6 15. Nxf7
Kxf7 16. fxe6+ Kg8 17. Bf4 Qd8 18. Nxf6+ gxf6 19. Qg3+ Kh7 20. Qh3 Qf8 21. Qf5+
Kg8 22. Qg6+ {Black resigns} 1-0

[Event "Team 45 45 League T56"]
[Site "Internet Chess Club"]
[Date "2013.03.11"]
[Round "3"]
[White "SlimeDog2"]
[Black "perikitosax"]
[Result "1-0"]
[WhiteElo "2103"]
[BlackElo "1980"]
[Opening "QGD: Tarrasch, Prague variation, Normal position"]
[ECO "D34"]
[Time "16:02:01"]
[TimeControl "2700+45"]

1. d4 d5 2. Nf3 e6 3. c4 c5 4. cxd5 exd5 5. Nc3 Nc6 6. g3 Nf6 7. Bg2 Be7 8. O-O
O-O 9. dxc5 d4 10. Na4 Bg4 11. a3 b5 12. cxb6 axb6 13. Bd2 b5 14. Rc1 Rc8 15.
Nc5 Bxf3 16. exf3 Ne5 17. f4 Nc4 18. Nd3 Qb6 19. Re1 Bd6 20. Re2 Rfe8 21. Bb4
Rxe2 22. Qxe2 Re8 23. Qc2 Bxb4 24. Nxb4 Qe6 25. Bc6 {Black resigns} 1-0

[Event "Team 45 45 League T56"]
[Site "Internet Chess Club"]
[Date "2013.03.11"]
[Round "3"]
[White "primerpaso"]
[Black "HomerSimpson"]
[Result "0-1"]
[WhiteElo "1908"]
[BlackElo "2193"]
[Opening "English opening"]
[ECO "A10"]
[Time "19:01:24"]
[TimeControl "2700+45"]

1. c4 b6 2. Nf3 Bb7 3. g3 c5 4. Bg2 Nf6 5. O-O g6 6. Nc3 Bg7 7. d4 cxd4 8. Nxd4
Bxg2 9. Kxg2 Nc6 10. e3 O-O 11. Qe2 Qc7 12. b3 Rfd8 13. Bb2 d5 14. Ndb5 Qb7 15.
cxd5 Nxd5 16. Nxd5 Rxd5 17. Nc3 Rc5 18. Qe1 Nd4+ 19. f3 Nc2 20. Qd2 Nxa1 21.
Rxa1 Bxc3 22. Bxc3 Rac8 {White resigns} 0-1

[Event "Team 45 45 League T56"]
[Site "Internet Chess Club"]
[Date "2013.03.12"]
[Round "3"]
[White "Justi"]
[Black "RedAttack"]
[Result "1-0"]
[WhiteElo "2028"]
[BlackElo "1824"]
[Opening "Petrov's defense"]
[ECO "C42"]
[Time "15:00:19"]
[TimeControl "2700+45"]

1. e4 e5 2. Nf3 Nf6 3. d3 Nc6 4. g3 Bc5 5. Bg2 O-O 6. O-O d6 7. c3 Bg4 8. a4 a6
9. h3 Bh5 10. b4 Ba7 11. Be3 Bxe3 12. fxe3 d5 13. exd5 Nxd5 14. Qe1 f6 15. Na3
Nde7 16. Rd1 Rb8 17. Nc4 b5 18. axb5 axb5 19. Na3 Qd6 20. g4 Bg6 21. d4 exd4 22.
Nh4 d3 23. Nxg6 hxg6 24. Nc2 Ne5 25. Nd4 Rfd8 26. Qf2 c5 27. bxc5 Qxc5 28. Ne6
Qxc3 29. Nxd8 Rxd8 30. Qa2+ Kh7 31. Qe6 Nc8 32. g5 f5 33. Rc1 Qb2 34. Rxc8 Rxc8
35. Qxc8 d2 36. Bd5 {Black resigns} 1-0

[Event "Team 45 45 League T56"]
[Site "Internet Chess Club"]
[Date "2013.03.07"]
[Round "3"]
[White "Aragonof"]
[Black "PopolVuh"]
[Result "0-1"]
[WhiteElo "1924"]
[BlackElo "1932"]
[Opening "Pirc: bayonet (Mariotti) attack"]
[ECO "B07"]
[Time "10:00:49"]
[TimeControl "2700+45"]

1. e4 d6 2. d4 Nf6 3. Nc3 g6 4. Be2 Bg7 5. h4 h5 6. Nf3 O-O 7. Ng5 c6 8. a4 e5
9. dxe5 dxe5 10. O-O Qe7 11. Bc4 Bg4 12. Qe1 Nh7 13. b3 Nxg5 14. Bxg5 Bf6 15.
Bxf6 Qxf6 16. f3 Be6 17. Bxe6 Qxe6 18. Rd1 Na6 19. Qd2 Qe7 20. Qd6 Qxd6 21. Rxd6
Rfd8 22. Rfd1 Rxd6 23. Rxd6 Kf8 24. Ne2 Ke7 25. Rd2 Rd8 26. Rxd8 Kxd8 27. g4
hxg4 28. fxg4 Nc5 29. Ng3 Ne6 30. h5 gxh5 31. gxh5 Ke7 32. h6 Kf6 33. Nf5 Kg6
34. h7 Kxh7 35. Nd6 Nd8 36. Kf2 Kg6 37. Nc8 a6 38. a5 Kf6 39. Nd6 Ke6 40. Nc4 c5
41. Kf3 Nc6 42. c3 Na7 43. Ke3 Nb5 44. Kd3 Nd6 45. Nb2 Kd7 46. Na4 Kc6 47. c4 f5
48. exf5 Nxf5 49. Nb2 Nd4 50. Kc3 Kd6 51. Nd3 Nc6 52. Nf2 Nxa5 53. Ne4+ Kc6 54.
b4 cxb4+ 55. Kxb4 b6 56. c5 Nb7 57. cxb6 Kxb6 58. Kc4 Kc6 59. Nd2 a5 60. Nf3
Nd6+ 61. Kb3 e4 62. Nd4+ Kd5 63. Ne2 e3 64. Ka4 Ke4 65. Kxa5 Kf3 66. Nd4+ Kf2
67. Kb4 Nf5 68. Ne6 e2 {White resigns} 0-1

[Event "Team 45 45 League T56"]
[Site "Internet Chess Club"]
[Date "2013.03.10"]
[Round "3"]
[White "Warren"]
[Black "hariputter"]
[Result "1/2-1/2"]
[WhiteElo "2272"]
[BlackElo "2106"]
[Opening "Sicilian: Kan, 5.Bd3"]
[ECO "B42"]
[Time "22:01:56"]
[TimeControl "2700+45"]

1. e4 c5 2. Nf3 e6 3. d4 cxd4 4. Nxd4 a6 5. Bd3 Qc7 6. Nc3 b5 7. O-O Bb7 8. Qe2
d6 9. a4 b4 10. Na2 d5 {Game drawn by mutual agreement} 1/2-1/2

[Event "Team 45 45 League T56"]
[Site "Internet Chess Club"]
[Date "2013.03.10"]
[Round "3"]
[White "xwang1"]
[Black "steadman"]
[Result "1/2-1/2"]
[WhiteElo "2052"]
[BlackElo "2125"]
[Opening "Sicilian: Taimanov variation"]
[ECO "B48"]
[Time "22:04:35"]
[TimeControl "2700+45"]

1. e4 c5 2. Nf3 Nc6 3. d4 cxd4 4. Nxd4 e6 5. Nc3 Qc7 6. Be3 a6 7. f3 Nf6 8. Qd2
Bb4 9. O-O-O Ne5 10. a3 Bxc3 11. Qxc3 Qxc3 12. bxc3 d5 13. Bd3 dxe4 14. fxe4 b5
15. Nf3 Nfd7 16. Nxe5 Nxe5 17. Bc5 Bb7 18. Bd4 f6 19. Kb2 Rc8 20. Rhe1 Nc4+ 21.
Ka2 O-O 22. g4 Ne5 23. h3 Nf3 24. Re3 Ne5 25. Kb3 Rf7 26. Bf1 Rfc7 27. Bxe5 fxe5
28. g5 Rf7 29. c4 Bc6 30. cxb5 axb5 31. h4 Rf4 32. Bh3 Re8 33. Rd6 Bxe4 34. Kb2
Kf7 35. h5 Rh4 36. Bf1 Bd5 37. Rxe5 Rxh5 38. Bxb5 Rb8 39. a4 h6 40. Rd7+ Kg6 41.
Ka3 Rxg5 42. Rxg5+ hxg5 43. c4 Bf3 44. c5 Rc8 45. Rd3 g4 46. Kb4 Kf5 47. Rc3 Kf4
48. c6 g3 49. Kc5 g2 50. Rc1 Kg3 51. Kd6 Kh2 52. Kd7 Ra8 53. c7 Bb7 54. Bc6 Bc8+
55. Kd8 Bb7+ 56. Kd7 Bc8+ 57. Kd8 Bb7+ 58. Kd7 {Game drawn by repetition}
1/2-1/2

[Event "Team 45 45 League T56"]
[Site "Internet Chess Club"]
[Date "2013.03.07"]
[Round "3"]
[White "Kueh"]
[Black "avila"]
[Result "1-0"]
[WhiteElo "2004"]
[BlackElo "1967"]
[Opening "Réti: King's Indian attack (Barcza system)"]
[ECO "A07"]
[Time "17:19:32"]
[TimeControl "2700+45"]

1. Nf3 d5 2. g3 Nf6 3. Bg2 c5 4. O-O Nc6 5. d3 e6 6. Qe1 Be7 7. e4 O-O 8. Nc3 b6
9. Bg5 Bb7 10. exd5 exd5 11. Ne5 Re8 12. f4 Nb4 13. Qf2 h6 14. Bh4 Rb8 15. Rae1
d4 16. Bxb7 Rxb7 17. Qg2 Rb8 18. a3 dxc3 19. axb4 Qd4+ 20. Kh1 Qd6 21. Nc6 Rbc8
22. Nxa7 Ra8 23. Nc6 Rac8 24. Nxe7+ Rxe7 25. Rxe7 Qxe7 26. bxc3 cxb4 27. cxb4
Qxb4 28. Bxf6 gxf6 29. Qe2 Qc5 30. Rb1 f5 31. c4 Qc6+ 32. Kg1 Re8 33. Qf2 Qd6
34. Rb3 Re6 35. Kg2 Qc6+ 36. Kh3 f6 37. Ra3 Re7 38. Ra6 Re6 39. Qg2 Qd7 40. Qa8+
Re8 41. Ra7 Rxa8 42. Rxd7 Ra2 43. Rb7 Rd2 44. Rxb6 Kf7 45. Rd6 Ke7 46. c5 Rc2
47. d4 Rc4 48. g4 Rc3+ 49. Kh4 Rf3 50. gxf5 Rxf4+ 51. Kh5 Rxf5+ 52. Kxh6 Rf2 53.
h4 f5 54. Kg5 f4 55. Kg4 Rh2 56. Kxf4 Rxh4+ 57. Ke5 Rh5+ 58. Ke4 Rh4+ 59. Kd5
Rh5+ 60. Kc6 Rh1 61. Rg6 Ra1 62. Rg7+ Ke6 63. d5+ Ke5 64. d6 Kf6 65. Re7 Ra6+
66. Kb7 Ra1 67. Re2 Rb1+ 68. Kc7 Rc1 69. c6 Rc3 70. d7 Rd3 71. d8=Q+ Rxd8 72.
Kxd8 {Black resigns} 1-0

[Event "Team 45 45 League T56"]
[Site "Internet Chess Club"]
[Date "2013.03.10"]
[Round "3"]
[White "nurmi"]
[Black "PoisonPawn"]
[Result "0-1"]
[WhiteElo "1953"]
[BlackElo "2137"]
[Opening "English: symmetrical, three knights system"]
[ECO "A16"]
[Time "14:40:45"]
[TimeControl "2700+45"]

1. c4 Nf6 2. Nc3 c5 3. Nf3 d5 4. cxd5 Nxd5 5. g3 Nc6 6. Bg2 Nc7 7. d3 e5 8. O-O
Be7 9. Be3 Ne6 10. Rc1 Rb8 11. Ne4 b6 12. Nfd2 Bd7 13. Nc4 O-O 14. a4 f6 15.
Ned6 Ncd4 16. Bxd4 cxd4 17. Bd5 Kh8 18. Nf5 Nc5 19. Nxe7 Qxe7 20. b3 Bh3 21. Re1
Rbc8 22. e3 Qd7 23. Bh1 dxe3 24. Rxe3 Rfd8 25. Nb2 Qd4 26. Rb1 Bf5 27. Be4 Nxe4
28. dxe4 Bxe4 29. Qxd4 Rxd4 30. Rbe1 Bg6 31. R1e2 Kg8 32. f3 Bf7 33. h4 Rb4 34.
Rd2 Be6 35. f4 Rxb3 36. Ree2 Bg4 37. Rg2 e4 {White resigns} 0-1